[Event "Slovakia Open 2022"]
[Site "Bratislava"]
[Date "2022.09.30"]
[Round "1.14"]
[White "Kukan, Michal"]
[Black "Kukelko, Alexey"]
[Result "0-1"]
[ECO "D48"]
[WhiteElo "1767"]
[BlackElo "2280"]
[Annotator "TA"]
[PlyCount "53"]
[EventDate "2022.09.30"]
[EventCountry "SVK"]
[SourceTitle "playchess.com"]
[Source "ChessBase"]
[SourceQuality "1"]
[TimeControl "2700+10"]

1. c4 e6 2. Nc3 d5 3. d4 c6 4. e3 Nf6 5. Nf3 Nbd7 6. Be2 dxc4 7. Bxc4 b5 8. Bd3 Bb7 9. O-O a6 10. Ne4 {[%emt 0:00:15] D48: Semi-Slav: Meran System: 7...b5 8 Bd3 a6.} (10. e4 $5 ) 10... c5 11. Nxf6+ Qxf6 12. Be2 {[%emt 0:00:44] [#] Black has an edge.} Bd6 $146 ({Predecessor:} 12... Be7 13. Bd2 O-O 14. Rc1 Rac8 15. dxc5 Nxc5 16. Bc3 Qg6 17. b4 Rfd8 18. Qc2 Be4 {0-1 (35) Monteiro,A (1725)-Da Silva,T (2045) Sao Paulo 2015}) 13. Bd2 O-O 14. dxc5 Nxc5 15. Bc3 e5 16. Nd2 Na4 (16... Qg6 $17 17. g3 Rad8) 17. Rc1 Rac8 18. Nb1 (18. Bf3 $11 {keeps the balance.} Bxf3 19. Nxf3) 18... Rfd8 19. Ba5 {[%emt 0:00:52] This move loses the game for White.} (19. Qc2 $17) 19... Bc7 20. Qe1 {[%emt 0:01:23] [#]} Qg6 $1 $40 {[%emt 0:01:01][%csl Gb7][%cal Rg6g2][%mdl 128] White is in trouble.} 21. f3 Bb6 {[%emt 0:00:31] Black is much more active. The white rooks are badly placed.} 22. Bxb6 Qxb6 ({Stronger than} 22... Nxb6 23. Rxc8 Rxc8 24. Qd2 $15) 23. Qf2 (23. Kf2 $17) 23... Nxb2 $19 24. f4 e4 25. Bg4 $2 {[%emt 0:01:35] [#]} (25. Rxc8 Rxc8 26. Bg4) 25... Rxc1 26. Rxc1 Nd3 27. Qf1 {[%emt 0:00:20] Weighted Error Value: White=0.78/Black=0.22 (precise)} 0-1

[Event "Slovakia Open 2022"]
[Site "Bratislava"]
[Date "2022.09.30"]
[Round "1.15"]
[White "Nestorenko, Dmitry"]
[Black "Tomcikova, Zuzana"]
[Result "1-0"]
[ECO "B10"]
[WhiteElo "2168"]
[BlackElo "1796"]
[Annotator "TA"]
[PlyCount "56"]
[EventDate "2022.09.30"]
[EventCountry "SVK"]
[SourceTitle "playchess.com"]
[Source "ChessBase"]
[SourceQuality "1"]
[TimeControl "2700+10"]

1. e4 c6 2. c4 d5 3. cxd5 cxd5 4. exd5 Nf6 5. Qa4+ Nbd7 6. Nc3 g6 7. Bc4 Bg7 8. Nf3 {[%emt 0:00:14] B10: Caro-Kann: 2 d3 and 2 c4.} O-O 9. d3 Nc5 (9... Nb6 $11 10. Qb3 Bg4) 10. Qc2 (10. Qa3 $1 $14 b6 11. O-O) 10... b6 $11 11. O-O Bb7 {[%emt 0:01:49][%cal Rf6d5] [#]} 12. Bg5 $146 ({Predecessor:} 12. d4 Na6 13. Qe2 Nc7 14. Bg5 Ncxd5 15. Rfe1 Nxc3 16. bxc3 Rc8 17. Ba6 Bxa6 18. Qxa6 {1-0 (53) Nivala,T (2215)-Vinke,D (2156) Finland 2015}) 12... Na6 13. Qb3 Nc7 $1 14. Bxf6 Bxf6 15. d4 Rc8 (15... b5 $11) 16. Ne5 $14 Ne8 (16... b5 $14) 17. Bd3 Nd6 18. a4 a6 19. Rad1 Bg7 20. Rfe1 Re8 21. f4 {[%emt 0:00:12] White has more active pieces.} (21. h4 {seems wilder.} e6 22. h5 gxh5 23. Re3) 21... f6 (21... b5 $16 {was called for.}) 22. Nf3 {[%emt 0:00:16] Pair of Knights!} ({White should try} 22. Nc6 $18 Qd7 23. Ne4 (23. Qxb6 Bxc6 24. dxc6 Rxc6 $16)) 22... Kf8 (22... Kh8 $16 {was necessary.}) 23. h4 Kf7 (23... Kg8 $142 24. h5 gxh5) 24. h5 $18 Bh6 25. g3 Rg8 26. hxg6+ hxg6 27. Kf2 Nf5 $2 {[%emt 0:00:12] [#]} (27... Rh8 28. Re6 Bf8) 28. d6+ Kf8 {[%emt 0:00:25] Weighted Error Value: White=0.20 (precise) /Black=0.37} 1-0

[Event "Slovakia Open 2022"]
[Site "Bratislava"]
[Date "2022.09.30"]
[Round "1.16"]
[White "Slivka, Vasil"]
[Black "Slovak, Kilian"]
[Result "0-1"]
[ECO "E92"]
[WhiteElo "1569"]
[BlackElo "2278"]
[Annotator "TA"]
[PlyCount "36"]
[EventDate "2022.09.30"]
[EventCountry "SVK"]
[SourceTitle "playchess.com"]
[Source "ChessBase"]
[SourceQuality "1"]
[TimeControl "2700+10"]

1. d4 Nf6 2. c4 g6 3. Nc3 Bg7 4. e4 O-O 5. Nf3 d6 6. Be2 e5 7. dxe5 dxe5 8. Qxd8 Rxd8 9. Bg5 c6 10. O-O Re8 11. Bxf6 {[%emt 0:00:18] E92: King's Indian: Classical: 6 Be2 e5: 7 dxe5, 7 Be3 and Petrosian System without 7...Nbd7.} (11. Rfd1 $11) 11... Bxf6 $15 12. Rad1 Na6 {[%emt 0:00:39][%cal Bb8a6,Ba6b4,Bb4c2,Bc2d4,Bd4e2][%mdl 32] [#]} 13. Na4 $146 {[%emt 0:01:46] Black is slightly better.} ({Predecessor:} 13. a3 Nc7 14. b4 Ne6 15. Bd3 a5 16. b5 Nc5 17. Bc2 {0-1 (41) Fesalbon,R (2061)-Latorre,M (2284) Khanty-Mansiysk 2010}) 13... Nb4 14. Nc3 Nc2 15. h3 Nd4 16. Rfe1 Be6 17. b3 Rad8 {[%emt 0:00:10] Black is more active.} 18. Na4 $2 {[%emt 0:02:15][%mdl 8192] [#]} (18. Nxd4 $15 exd4 19. Na4) 18... Nxe2+ {[%emt 0:00:45] Weighted Error Value: White=1.00/Black=0.16 (very precise)} 0-1

[Event "Slovakia Open 2022"]
[Site "Bratislava"]
[Date "2022.09.30"]
[Round "1.17"]
[White "Pasti, Aron"]
[Black "Babula, Matej"]
[Result "1-0"]
[ECO "B40"]
[WhiteElo "2350"]
[BlackElo "1864"]
[Annotator "TA"]
[PlyCount "47"]
[EventDate "2022.09.30"]
[EventCountry "SVK"]
[SourceTitle "playchess.com"]
[Source "ChessBase"]
[SourceQuality "1"]
[TimeControl "2700+10"]

1. e4 c5 2. Nf3 e6 3. c4 Nc6 4. Nc3 e5 5. g3 g6 6. d3 {[%emt 0:01:04] B40: Sicilian: 2...e6, Unusual lines.} Bg7 7. Bg2 Nge7 8. O-O {[%emt 0:00:55] The position is equal.} O-O 9. Ne1 d6 10. Nc2 Nd4 {[%emt 0:03:21] [#]} 11. Rb1 $146 ({Predecessor:} 11. Nxd4 cxd4 12. Nd5 Nxd5 13. exd5 Re8 14. Bd2 a5 15. a3 Bf5 16. Qc2 a4 17. b4 axb3 18. Qxb3 {½-½ (36) Sax,G (2545)-Almasi,Z (2672) Sibenik 2006}) 11... f5 12. exf5 gxf5 13. b4 {[%emt 0:00:33] Threatens to win with bxc5.} f4 14. Be4 f3 $2 {[%emt 0:03:47] [#] A mistake that costs the game.} ({Better is} 14... Nxc2 $14 15. Qxc2 cxb4 16. Rxb4 Qd7) 15. bxc5 $1 $18 dxc5 16. Nxd4 (16. Bxb7 Bxb7 17. Rxb7 Nxc2 18. Rxe7 (18. Qxc2 $2 Qc8 $19) 18... Qxe7 $17) 16... exd4 17. Nd5 Bg4 $2 (17... Nxd5 18. Bxd5+ Kh8) 18. Bg5 Qe8 19. Bxe7 Qh5 20. h4 Bh3 21. Qc1 Bh6 22. Bg5 Bxf1 23. Bxh6 Be2 24. Bxf8 {[%emt 0:00:05] Weighted Error Value: White=0.67/Black=0.80} 1-0

[Event "Slovakia Open 2022"]
[Site "Bratislava"]
[Date "2022.09.30"]
[Round "1.18"]
[White "Migalko, Dmitriy"]
[Black "Kostolansky, Sebastian Lukas"]
[Result "0-1"]
[ECO "B22"]
[WhiteElo "1528"]
[BlackElo "2398"]
[Annotator "TA"]
[PlyCount "34"]
[EventDate "2022.09.30"]
[EventCountry "SVK"]
[SourceTitle "playchess.com"]
[Source "ChessBase"]
[SourceQuality "1"]
[TimeControl "2700+10"]

1. e4 c5 2. c3 Nf6 3. e5 Nd5 4. d4 cxd4 5. cxd4 d6 6. Nf3 e6 7. Bc4 dxe5 8. dxe5 {[%emt 0:00:18] B22: Sicilian: 2 c3.} Be7 $1 {[%emt 0:00:03][%mdl 4] Prevents Bg5. is recently more successful than 8...Bb4+.} 9. O-O O-O 10. Bxd5 {[%emt 0:00:16] White is slightly better.} exd5 11. Nc3 Be6 {[%emt 0:00:16][%cal Bc8e6,Be6d7,Bd7b5][%mdl 32] [#]} 12. Qb3 $146 ({Predecessor:} 12. Qd3 Nc6 13. Rd1 Qa5 14. Nxd5 Bxd5 15. Qxd5 Rfd8 16. Qb3 Rxd1+ 17. Qxd1 Nxe5 18. Bf4 {½-½ (25) Kralevski,A (2125)-Nedev,T (2475) Struga 2015}) 12... Nd7 (12... Qd7 $11 13. Ne2 Nc6) 13. Qxb7 $14 Nc5 14. Qb5 (14. Qb4 $14) 14... d4 $1 $36 {[%emt 0:00:38][%mdl 2048] White is under pressure.} 15. Rd1 $2 (15. Nb1 $1 $15) 15... Bd7 $19 {[%emt 0:01:09] This bishop pair is nice.} 16. Nxd4 (16. Qc4 dxc3 17. Qxc3) 16... Bxb5 17. Ne6 {[%emt 0:00:27] [#]} Qxd1+ $3 {[%emt 0:00:30] Weighted Error Value: White=1.52/Black=0.09 (flawless)} 0-1

[Event "Slovakia Open 2022"]
[Site "Bratislava"]
[Date "2022.09.30"]
[Round "1.19"]
[White "Novosadova, Kristyna"]
[Black "Pasti, Zsombor"]
[Result "1-0"]
[ECO "C99"]
[WhiteElo "2151"]
[BlackElo "1884"]
[Annotator "TA"]
[PlyCount "126"]
[EventDate "2022.09.30"]
[EventCountry "SVK"]
[SourceTitle "playchess.com"]
[Source "ChessBase"]
[SourceQuality "1"]
[TimeControl "2700+10"]

1. e4 e5 2. Nf3 Nc6 3. Bb5 a6 4. Ba4 Nf6 5. O-O Be7 6. Re1 b5 7. Bb3 d6 8. c3 O-O 9. h3 Na5 10. Bc2 c5 11. d4 Qc7 12. Nbd2 cxd4 13. cxd4 Nd7 {[%emt 0:00:03] C99: Closed Ruy Lopez: Chigorin Defence: 11 d4 Qc7 12 Nbd2 cxd4.} 14. Nf1 {[%emt 0:00:29] [#]} Rd8 $146 ({Predecessor:} 14... Nc4 15. b3 Na5 16. Ne3 Nb6 17. Nd5 Nxd5 18. exd5 exd4 19. Bb2 Bb7 20. Qxd4 f6 {1-0 (31) Varekha,A (1656)-Ojog,F (1719) Kishinev 2019}) 15. Ng3 Nb6 (15... g6 $14) 16. b3 $16 Nc6 17. Bb2 Bf6 18. d5 (18. Rc1 $16) 18... Ne7 19. Nh5 Ng6 (19... Nd7 $16 {might work better.}) 20. Rc1 (20. Nxf6+ $18 gxf6 21. Rc1) 20... Qe7 (20... Be7 $14) 21. Bc3 Bd7 22. Ba5 Rdb8 23. Qd2 Be8 24. Bd3 Nd7 25. Rc7 (25. Bc7 $142) 25... Rc8 26. Rec1 {[%emt 0:00:14] White has more active pieces.} Rxc7 27. Rxc7 {[%emt 0:00:03] Hoping for Qc2.} Qf8 28. Nxf6+ Nxf6 29. g3 Bd7 30. Kg2 Rc8 31. Qc3 $36 {[%emt 0:02:13][%mdl 2048] White has strong initiative.} Rxc7 32. Qxc7 ({Don't do} 32. Bxc7 Qc8 $14) 32... Qc8 33. Qxc8+ Bxc8 34. Bb4 {[%emt 0:00:08] This bishop pair is nice.} Ne8 35. a4 bxa4 36. bxa4 Kf8 37. Nd2 Ke7 38. Nc4 f6 39. Be2 Nf8 (39... Nh8 $16 {keeps fighting.} 40. Bd3 Nf7) 40. f4 $18 Nd7 41. Bg4 Bb7 42. Kf3 (42. Kf2 $18) 42... g6 43. fxe5 f5 {[%emt 0:01:07] [#]} (43... Nxe5+ $16 44. Nxe5 fxe5) 44. exd6+ (44. Ke3 $1 $18 fxg4 45. hxg4) 44... Kd8 $16 45. Kf4 ({Stronger than} 45. exf5 Bxd5+ 46. Ke3 Bxc4 47. fxg6 hxg6 $17) 45... fxg4 46. hxg4 {[%emt 0:00:02] And now g5 would win.} Nef6 47. g5 {[%emt 0:02:31][%mdl 1024] White has strong compensation.} Nh5+ {[%emt 0:01:03] [#] Loses the game.} (47... Nxd5+ $16 48. exd5 Bxd5) 48. Kf3 $18 Ng7 49. Bc3 Ne8 50. Bd4 (50. a5 $142 Bc8 51. Kf4) 50... Nf8 $2 (50... a5 51. Nxa5 Nxd6) 51. a5 Nd7 52. Ke3 Ba8 53. Bh8 Nc5 54. Kd4 (54. Bf6+ $142 Kd7 55. Nb6+ Kxd6 56. e5+ Kc7 57. Nxa8+ Kb7 58. Nb6) 54... Nb3+ 55. Ke5 Bb7 $2 (55... Nc5 $18 56. Kd4 Nb3+ 57. Ke3 Nxd6 58. Nxd6 Nxa5) 56. Bf6+ {[%emt 0:00:40] White mates.} Nxf6 57. gxf6 Ke8 58. Nb6 Nc5 59. Kd4 Nb3+ 60. Kc4 Nxa5+ 61. Kb4 Nc6+ 62. dxc6 Bxc6 63. Kc5 Bb5 {[%emt 0:00:03] Weighted Error Value: White=0.29 (precise) /Black=0.39} 1-0

[Event "Slovakia Open 2022"]
[Site "Bratislava"]
[Date "2022.09.30"]
[Round "1.20"]
[White "Park, Seonjae"]
[Black "Rakhmangulova, Anastasiya"]
[Result "0-1"]
[ECO "E92"]
[WhiteElo "1704"]
[BlackElo "2244"]
[Annotator "TA"]
[PlyCount "64"]
[EventDate "2022.09.30"]
[EventCountry "SVK"]
[SourceTitle "playchess.com"]
[Source "ChessBase"]
[SourceQuality "1"]
[TimeControl "2700+10"]

1. d4 Nf6 2. c4 g6 3. Nc3 Bg7 4. e4 d6 5. Be2 O-O 6. Nf3 e5 7. Be3 exd4 8. Nxd4 Re8 9. f3 c6 10. Bf2 Nh5 {[%emt 0:01:28] E92: King's Indian: Classical: 6 Be2 e5: 7 dxe5, 7 Be3 and Petrosian System without 7...Nbd7.} (10... d5 $11) 11. Qd2 $14 {[%emt 0:01:43] [#]} a5 $146 (11... Be5 $14) ({Predecessor:} 11... Na6 12. O-O Nc5 13. Rad1 Be5 14. g3 Nf6 15. Nb3 Nxb3 16. axb3 Be6 17. Rfe1 Qa5 18. Bf1 {0-1 (34) Suvorov,A (2353)-Yoo,C (2455) Chess.com INT 2021}) 12. g4 Nf6 {[%emt 0:00:04] White is better.} 13. h4 h5 14. gxh5 Nxh5 15. O-O-O {[%emt 0:00:25] Hoping for f4.} Na6 16. Rdg1 (16. f4 $16) 16... Nc5 {[%emt 0:01:45] [#]} 17. Be3 (17. Nf5 $1 $14 Be5 18. Be3) 17... a4 $11 18. Nc2 Qa5 (18... Be5 $15) 19. Bd4 ({But not} 19. Qxd6 Ne6 $15) 19... Ne6 20. Bxg7 Kxg7 21. Bd1 Qe5 22. Ne2 {[%emt 0:03:22] Against Qf4} (22. a3 $14) 22... Bd7 {[%emt 0:02:28][%cal Od6d5,Bc8d7,Bd7c6,Bc6b5][%mdl 32] Active counter play!} 23. Qc3 (23. a3 $11) 23... b5 (23... Rh8 {is interesting.} 24. Qd2 Nef4 25. Nxf4 Nxf4 26. a3 Nh3) 24. cxb5 cxb5 25. Qxe5+ (25. Kb1 $11 {keeps the balance.}) 25... dxe5 $17 26. Kb1 Rec8 27. Ne3 Bc6 28. Bc2 b4 29. Rc1 $2 {[%emt 0:01:45][%mdl 8192] Loses the game.} (29. b3 $17 {was necessary.}) 29... Bb5 $19 30. Ng1 (30. Rh2 $142 Bxe2 31. Rxe2) 30... Nd4 {[%emt 0:00:20] [#] ...b3 is the strong threat. Black is clearly winning.} 31. Rh2 b3 32. axb3 axb3 {[%emt 0:00:02] Weighted Error Value: White=0.91/Black=0.23 (precise)} 0-1

[Event "Slovakia Open 2022"]
[Site "Bratislava"]
[Date "2022.09.30"]
[Round "1.21"]
[White "Kijac, Miroslav"]
[Black "Dubnicka, Ferdinand"]
[Result "1-0"]
[ECO "E91"]
[WhiteElo "2078"]
[BlackElo "1494"]
[Annotator "TA"]
[PlyCount "105"]
[EventDate "2022.09.30"]
[EventCountry "SVK"]
[SourceTitle "playchess.com"]
[Source "ChessBase"]
[SourceQuality "1"]
[TimeControl "2700+10"]

1. d4 Nf6 2. c4 g6 3. Nc3 c6 4. e4 d6 5. Nf3 Bg7 6. Be2 Bg4 7. Be3 O-O 8. O-O Nbd7 9. Qc2 Re8 {[%emt 0:00:00] E91: King's Indian: Classical: 6 Be2, unusual replies including 6...c5 and 6...Bg4.} 10. Rfd1 Qc7 11. Rab1 e5 {[%emt 0:00:07] White is slightly better.} 12. d5 {[%emt 0:00:09] [#]} c5 $146 ({Black should play} 12... Rec8 $14) ({Predecessor:} 12... cxd5 13. cxd5 a6 14. h3 Bxf3 15. Bxf3 b5 16. Rdc1 Rec8 17. Qd2 Qb7 18. g3 Rc7 {1-0 (38) Path,D (2090)-Ferenc,J (2116) Koszalin 2007}) 13. Ne1 (13. h3 $142 Bxf3 14. Bxf3) 13... Bxe2 $16 14. Qxe2 a6 15. a3 Re7 16. Rdc1 Rf8 17. Nd3 Nh5 18. Nd1 (18. Re1 $16) 18... Rc8 (18... f5 $11 {keeps the balance.}) 19. b4 b6 20. Rb3 Qd8 21. bxc5 bxc5 22. Rcb1 $36 {[%emt 0:00:17][%mdl 2048] White has some pressure.} Rb8 23. Bg5 f6 {[%emt 0:00:02] [#] White must now prevent ...Rxb3.} 24. Be3 Rxb3 25. Rxb3 Qc8 (25... Qe8 $14) 26. Qb2 {[%emt 0:00:23] White is much more active.} (26. g4 $16 Nf4 27. Nxf4 (27. Bxf4 exf4 28. Nxf4 Nf8 $16) 27... exf4 28. Bxf4) 26... Kf7 ({Black should try} 26... f5 $14) 27. f3 g5 $2 {[%emt 0:00:04] [#] Loses the game.} (27... Kg8 $16 {was called for.}) 28. g3 Bh6 29. N1f2 Bf8 30. Bd2 h6 31. Nd1 Ng7 32. Ne3 {[%emt 0:00:03] Against f5} h5 33. Ba5 Re8 34. Rb7 Be7 (34... Re7 {might work better.} 35. Bc7 Ne8) 35. Rc7 $18 {[%emt 0:02:39] White is clearly winning.} Qb8 (35... Qd8 $142 36. Qb7 Kg8 37. Qxa6 Qa8) 36. Rxd7 Qxb2 37. Nxb2 Rb8 38. Nbd1 Ke8 39. Ra7 Kf7 40. Kf2 Ke8 41. Rxa6 Rb7 42. Bb6 Kf7 43. a4 Ne8 44. a5 Nc7 45. Ra7 Rxa7 46. Bxa7 Na6 47. Bb6 Ke8 48. Nc3 Kd7 49. Nb5 Bf8 50. g4 h4 51. Ke2 Be7 52. Nf5 Bf8 53. Ne7 {[%emt 0:00:00] Weighted Error Value: White=0.17 (very precise) /Black=0.39} 1-0

[Event "Slovakia Open 2022"]
[Site "Bratislava"]
[Date "2022.09.30"]
[Round "1.22"]
[White "Malaschitz, Teodor"]
[Black "Sobek, Michal"]
[Result "0-1"]
[ECO "B34"]
[WhiteElo "1448"]
[BlackElo "2156"]
[Annotator "TA"]
[PlyCount "52"]
[EventDate "2022.09.30"]
[EventCountry "SVK"]
[SourceTitle "playchess.com"]
[Source "ChessBase"]
[SourceQuality "1"]
[TimeControl "2700+10"]

1. e4 c5 2. Nf3 g6 3. d4 cxd4 4. Nxd4 Bg7 5. Be3 Nc6 6. Nxc6 {[%emt 0:00:16] B34: Sicilian: Accelerated Dragon with 5 Nc3: sidelines.} (6. c4 $14) 6... bxc6 $11 7. Bd4 Nf6 $1 {[%emt 0:00:42] 7...Nf6 is better than 7...e5.} 8. f3 (8. Bc4 $11) 8... O-O $1 $17 9. Be2 {[%emt 0:00:09] [#]} d5 $146 ({Predecessor:} 9... Ne8 10. Bxg7 Nxg7 11. Qd4 Qb6 12. Qxb6 axb6 13. Nc3 Ba6 14. Bxa6 Rxa6 15. b3 Rfa8 {0-1 (49) Van Houtte,R-De Weird,E Ostend 2008}) 10. exd5 cxd5 11. Nc3 Re8 (11... Qd6 $17 12. Qd2 e5) 12. O-O e5 13. Bf2 Bb7 14. Bb5 Re6 15. Qd2 (15. Na4 $142) 15... Qa5 (15... d4 $142 {Strongly threatening ...Qa5.} 16. Ne2 Rc8) 16. Qe2 (16. Bd3 $17) 16... Nh5 17. Rfd1 (17. Rab1 $17) 17... e4 $2 (17... Nf4 18. Qf1) (17... a6 $19 {...Nf4 is the strong threat.} 18. Bd7 Nf4) 18. Bd4 $2 ({Avoid the trap} 18. Nxd5 $2 Bxd5 19. Rxd5 Nf4 $19) (18. fxe4 $15 Bxc3 19. bxc3) 18... Bxd4+ $1 $19 19. Rxd4 Qb6 20. Rad1 a6 (20... Ng7 $1 $19 {[%cal Rg7f5] aiming for ...Nf5.} 21. fxe4 Nf5 22. exf5 Rxe2 23. Bxe2 Qxb2 24. Nxd5 Bxd5 25. Rxd5 Qxa2) 21. Bd7 $17 Re5 (21... Re7 $1 $17 22. Ba4 Ng7) 22. b3 $2 {[%emt 0:00:46][%mdl 8192] [#]} (22. Qe3 $11) 22... Qc7 $1 $19 23. Nxd5 Rxd5 {[%emt 0:00:06][%mdl 64] Remove Defender} ({Resist} 23... Qxd7 {[#]} 24. Nf6+ $1 Nxf6 25. Rxd7 Nxd7 26. Rxd7 $18) 24. Rxd5 Bxd5 25. Rxd5 $2 (25. fxe4 Bb7 26. Qc4) 25... Nf4 ({Wrong is} 25... Nf6 $2 26. Rd2 $19) 26. Qc4 Nxd5 {[%emt 0:00:11] Weighted Error Value: White=0.89/Black=0.37} 0-1

[Event "Slovakia Open 2022"]
[Site "Bratislava"]
[Date "2022.09.30"]
[Round "1.23"]
[White "Bombek, Peter"]
[Black "Kostic, Ivan"]
[Result "1-0"]
[ECO "C41"]
[WhiteElo "2083"]
[BlackElo "1716"]
[Annotator "TA"]
[PlyCount "55"]
[EventDate "2022.09.30"]
[EventCountry "SVK"]
[SourceTitle "playchess.com"]
[Source "ChessBase"]
[SourceQuality "1"]
[TimeControl "2700+10"]

1. e4 e5 2. Nf3 d6 3. d4 exd4 4. Nxd4 h6 5. Nc3 Nf6 6. Bc4 {[%emt 0:00:05] C41: Philidor Defence.} g6 (6... Be7 $14) 7. O-O Bg7 8. h3 {[%emt 0:00:46] White is slightly better.} O-O {[%emt 0:00:31] [#]} 9. Bf4 $146 ({Predecessor:} 9. Be3 Bd7 10. Bd5 Nxd5 11. exd5 Re8 12. Re1 Bc8 13. Ndb5 a6 14. Nd4 Nd7 15. Qd3 {0-1 (33) Sakhilgareeva,G-Malchikova,S Oktjabrsky 2004}) 9... Bd7 10. Qd2 (10. e5 Nh5 11. Be3 dxe5 $11) 10... Kh7 11. Rfe1 Nc6 12. Nf3 Ng8 13. Rad1 {[%emt 0:00:17] White has more active pieces. The black rooks are badly placed.} Na5 14. Bf1 {[%emt 0:00:30] [#] And now Nd5 would win.} Be6 15. Nd4 Nc4 {[%emt 0:02:50] This move loses the game for Black.} (15... Nc6 $16) 16. Nxe6 $18 Nxd2 17. Nxd8 Raxd8 $2 {[%emt 0:00:08] [#]} (17... Nxf1 {is a better defense.} 18. Nxb7 (18. Rxf1 Rfxd8 19. Rd3 Ne7 $11) 18... Rfb8 19. Nxd6 (19. Kxf1 Rxb7 20. Bc1 Bxc3 $14) 19... cxd6) 18. Rxd2 {[%emt 0:00:14] White is clearly winning.} a6 19. a4 Bxc3 20. bxc3 f5 21. exf5 Rxf5 22. Bg3 Ra5 23. Rd4 Rc5 24. Rc4 c6 25. Rxc5 dxc5 26. Bd3 Rd7 27. Re6 Rg7 28. Be5 {[%emt 0:00:17] Weighted Error Value: White=0.13 (very precise) /Black=0.49} 1-0

[Event "Slovakia Open 2022"]
[Site "Bratislava"]
[Date "2022.09.30"]
[Round "1.24"]
[White "Dolnik, Michal"]
[Black "Babula, Vlastimil"]
[Result "0-1"]
[ECO "B72"]
[WhiteElo "1485"]
[BlackElo "2574"]
[Annotator "TA"]
[PlyCount "56"]
[EventDate "2022.09.30"]
[EventCountry "SVK"]
[SourceTitle "playchess.com"]
[Source "ChessBase"]
[SourceQuality "1"]
[TimeControl "2700+10"]

1. e4 c5 2. Nf3 d6 3. d4 cxd4 4. Nxd4 Nf6 5. Nc3 Nc6 6. Be2 g6 7. Be3 Bg7 8. Qd2 {[%emt 0:00:54] is more profitable than 8.0-0 at the moment.} O-O 9. h4 h5 {[%emt 0:01:15] [#]} 10. Rg1 $146 {[%emt 0:03:42] B72: Sicilian Dragon: 6 Be3, lines with h3+Bc4 and sidelines.} (10. O-O-O $1 $14) ({Predecessor:} 10. O-O-O Bd7 11. Kb1 Rc8 12. f3 Nxd4 13. Bxd4 b5 14. Bxb5 Rb8 15. Bxd7 Qxd7 16. b3 a5 17. a4 Rfc8 {0-1 (32) Guzman,C (2261)-Deviprasath,S (2290) Chess.com INT 2022}) 10... Ng4 (10... d5 $1 $15) 11. Nxc6 bxc6 12. Bxg4 {[%emt 0:00:43] Black is slightly better.} Bxg4 13. f3 Be6 14. g4 (14. Bd4 $11 {remains equal.}) 14... hxg4 $17 15. fxg4 Qa5 {[%emt 0:00:07] aiming for ...Rfb8.} 16. Bh6 $2 {[%emt 0:01:18] [#]} ({White should play} 16. Bd4 $1 $15) 16... Bxc3 $2 (16... Bxh6 $1 $19 17. Qxh6 Rab8) 17. bxc3 $15 Rfd8 $36 {[%emt 0:00:53][%mdl 2048] Black is pushing.} (17... Rfb8 $5 ) 18. h5 Qe5 19. hxg6 (19. Qe3 $11 {keeps the balance.}) 19... Qxe4+ $17 20. Be3 fxg6 21. Rb1 (21. Qd3 $142 Qxd3 22. cxd3) 21... c5 {[%emt 0:01:12] Black is more active.} (21... Bxg4 $2 22. Rb4 Qd5 23. Rd4 $18) (21... Bd5 $142 {And now ...c5 would win.} 22. Rb4 Qe6) 22. Rf1 $2 {[%emt 0:03:51][%mdl 8192] [#]} (22. Qd3 $17 Qxd3 23. cxd3) 22... Rab8 (22... Bc4 $142 23. Rg1 Rdb8) 23. Rxb8 $19 Rxb8 24. Rf4 $2 (24. Qd3 Rb1+ 25. Kf2 Rxf1+ 26. Qxf1) 24... Rb1+ 25. Ke2 Qg2+ 26. Rf2 Bxg4+ {[%emt 0:00:05] Black mates.} 27. Kd3 Qd5+ 28. Bd4 Rd1 {[%emt 0:00:20] Weighted Error Value: White=1.30/Black=0.64} 0-1